 Dungeon Crawl Stone Soup version 0.31-a0-466-g98c9adc2b6 (webtiles) character file.

Game seed: 3313418215115395898

141796 experimilk the Brawler (level 16, -14/156 HPs)
             Began as a Troll Gladiator on Aug 3, 2023.
             Was an Elder of Qazlal.
             Shot with a bolt by a naga sharpshooter (21 damage)
             ... led by Vashnia
             ... on level 4 of the Snake Pit on Aug 5, 2023.
             The game lasted 02:04:52 (35878 turns).

experimilk the Brawler (Troll Gladiator)           Turns: 35878, Time: 02:04:53

Health: -14/156    AC:  7    Str: 38    XL:     16   Next: 79%
Magic:  22/22      EV: 25    Int:  4    God:    Qazlal [****..]
Gold:   892        SH:  5    Dex: 13    Spells: 15/15 levels left

rFire   + .          .
                       - Unarmed
rCold   + . .        (no shield)
rNeg    . . .        R - +0 troll leather armour
rPois   +            P - +1 hat
rElec   .            A - scarf {rC+ rF+}
rCorr   .            (gloves unavailable)
SInv    .            (boots unavailable)
Will    +....        X - amulet "Zedarox" {Acrobat +Inv Dex+2}
Stlth   +            i - ring of poison resistance
HPRegen 2.06/turn    u - +6 ring of strength
MPRegen 0.18/turn

%: repel missiles, acrobat
@: acrobatic
A: large, unfitting armour, claws 3, regeneration 1, shaggy fur 1, tough skin 1
a: Renounce Religion, Evoke Invisibility, Upheaval, Elemental Force


You were on level 4 of the Snake Pit.
You worshipped Qazlal.
Qazlal was greatly pleased with you.
You visited 4 branches of the dungeon, and saw 26 of its levels.
You also visited: Gauntlet.

You collected 2718 gold pieces.
You spent 1826 gold pieces at shops.

Inventory:

Missiles
 b - a boomerang
 c - 2 throwing nets
 f - 68 poisoned darts
 C - 4 atropa-tipped darts
 G - 7 curare-tipped darts
 J - 2 large rocks (quivered)
 S - 3 javelins
Armour
 A - a scarf of resistance (worn)
 P - a +1 hat (worn)
 R - a +0 troll leather armour (worn)
Jewellery
 g - a ring of protection from fire
 i - a ring of poison resistance (left claw)
 u - a +6 ring of strength (right claw)
 D - an amulet of reflection
 L - a ring of see invisible
 M - a ring of protection from fire
 V - a ring of positive energy
 X - an amulet "Zedarox" (around neck) {Acrobat +Inv Dex+2}
   (You bought it in a shop on level 2 of the Orcish Mines)

   [amulet of the acrobat]

   It increases your evasion while moving and waiting.
   Dex:       It affects your dexterity (+2).
   +Inv:      It lets you turn invisible.
Wands
 p - a wand of mindburst (7)
 K - a wand of paralysis (6)
Scrolls
 a - a scroll of acquirement {unknown}
 j - 10 scrolls of teleportation
 k - 3 scrolls of silence
 l - 3 scrolls of revelation
 o - 2 scrolls of enchant weapon
 r - a scroll of butterflies
 v - a scroll of fog
 y - 2 scrolls of vulnerability
 I - a scroll of blinking {unknown}
 O - 5 scrolls of fear
 T - 2 scrolls of poison
 W - 2 scrolls of enchant armour
 Y - a scroll of amnesia
 Z - a scroll of identify
Potions
 d - a potion of might
 e - a potion of resistance
 m - 10 potions of curing
 n - 5 potions of heal wounds
 s - a potion of berserk rage
 t - 2 potions of cancellation
 w - 4 potions of attraction
 x - a potion of invisibility
 z - 5 potions of enlightenment
 E - 2 potions of brilliance
 H - 2 potions of haste
 Q - a potion of lignification {unknown}
Miscellaneous
 h - a sack of spiders (inert)
 q - a lightning rod (4/4)
 F - a tin of tremorstones (1/2)
 N - a phantom mirror (inert)
 U - a phial of floods


   Skills:
 + Level 9.6 Fighting
 - Level 15.0 Throwing
 * Level 4.5 Armour
 - Level 2.4 Dodging
 - Level 20.0 Unarmed Combat
 - Level 10.0 Invocations
 - Level 5.0 Evocations


You had 15 spell levels left.
You didn't know any spells.
Your spell library contained the following spells:

 Spells                   Type           Power      Damage    Failure   Level
 Apportation              Tloc           0%         N/A       52%         1
 Freeze                   Ice            0%         1d3       52%         1
 Necrotise                Necr           0%         1d4       52%         1
 Slow                     Hex            0%         N/A       52%         1
 Summon Small Mammal      Summ           0%         N/A       52%         1
 Blink                    Tloc           0%         N/A       67%         2
 Cigotuvi's Dreadful Rot  Necr/Pois/Air  0%         N/A       67%         2
 Lesser Beckoning         Tloc           0%         N/A       67%         2
 Momentum Strike          Conj/Tloc      0%         3d8       67%         2
 Confusing Touch          Hex            0%         N/A       88%         3
 Frozen Ramparts          Ice            0%         1d1       88%         3
 Hailstorm                Conj/Ice       0%         3d3       88%         3
 Ignite Poison            Fire/Tmut/Pois 0%         N/A       88%         3
 Inner Flame              Hex/Fire       0%         N/A       88%         3
 Ozocubu's Armour         Ice            0%         N/A       88%         3
 Vampiric Draining        Necr           0%         2d6       88%         3
 Animate Dead             Necr           0%         N/A       99%         4
 Cause Fear               Hex            0%         N/A       99%         4
 Flame Wave               Conj/Fire      0%         2d4       99%         4
 Manifold Assault         Tloc           0%         N/A       99%         4
 Petrify                  Tmut/Erth      0%         N/A       99%         4
 Sticky Flame             Conj/Fire      0%         2d3       99%         4
 Alistair's Intoxication  Tmut/Pois      0%         N/A       100%        5
 Borgnjor's Vile Clutch   Necr/Erth      0%         N/A       100%        5
 Fireball                 Conj/Fire      0%         3d3       100%        5
 Freezing Cloud           Conj/Ice/Air   0%         6-21      100%        5
 Metabolic Englaciation   Hex/Ice        0%         N/A       100%        5
 Death Channel            Necr           0%         N/A       100%        6
 Eringya's Noxious Bog    Tmut/Pois      0%         4d6       100%        6
 Simulacrum               Ice/Necr       0%         N/A       100%        6
 Dragon's Call            Summ           0%         N/A       100%        9


Dungeon Overview and Level Annotations

Branches:
Dungeon (15/15)            Temple (0/1) D:6            Lair (5/5) D:8
 Shoals (0/4) Lair:3        Snake (4/4) Lair:3        Slime (0/5) Lair:5
    Orc (2/2) D:9             Elf (0/3) Orc:2        Vaults (0/5) D:13
Gauntlet (visited)
 Depths: D:15

Altars:
Cheibriados
Dithmenos
Elyvilon
Fedhas
Gozag
Kikubaaqudgha
Makhleb
Nemelex Xobeh
Okawaru
Qazlal
Sif Muna
Trog
Vehumet
Xom
Zin
The Shining One

Shops:
D:2 (   D:4 [   D:10 [   D:14 [   Orc:2 ![!=   Snake:1 :==   Snake:2 [(:(
Snake:3 (

Annotations:
Snake:4 Vashnia


Innate Abilities, Weirdness & Mutations

You are too large for most types of armour.
You have claws for hands.
Your natural rate of healing is unusually fast.
You are covered in fur. (AC +1)
You have tough skin. (AC +1)


Message History

The stunning burst hits Vashnia!
Vashnia is no longer paralysed.
Your air elemental disappears in a puff of smoke!
Vashnia shimmers and vanishes!
Unknown command.
You feel better.
You feel less invigorated.
Vashnia shouts!
The naga sharpshooter unwields a +0 glaive.
The naga sharpshooter wields a +0 shortbow.
The naga sharpshooter casts a spell.
The naga sharpshooter magically shoots an arrow.
The arrow barely misses you.
Vashnia shoots a bolt.
The bolt barely misses your fire elemental.
The bolt hits you!!
* * * LOW HITPOINT WARNING * * *
The bolt burns you.
* * * LOW HITPOINT WARNING * * *
The naga sharpshooter unwields a +0 halberd.
The naga sharpshooter wields a +0 arbalest.
The naga sharpshooter shoots a bolt.
The bolt misses your fire elemental. The bolt hits you.
* * * LOW HITPOINT WARNING * * *
As you read the scroll of fog, it dissolves into smoke.
Your fire elemental disappears in a puff of smoke!
The naga spits poison at you.
The splash of poison is repelled.
Vashnia casts a spell at you.
The black mamba blinks!
The naga sharpshooter spits poison at you.
The splash of poison hits you. You resist.
* * * LOW HITPOINT WARNING * * *
The naga sharpshooter shoots a bolt.
The bolt hits you!!
* * * LOW HITPOINT WARNING * * *
Vashnia shoots a bolt.
The bolt completely misses you.
The naga sharpshooter shoots an arrow.
The arrow barely misses you.
The naga sharpshooter casts a spell.
The naga sharpshooter mumbles some strange words.
The naga sharpshooter magically shoots a bolt.
The bolt hits you!!
You die...

....####......#
.....##.)..<###
.......)#....#
.####.#..###÷....#
..N..... #..÷...##
....... #.......#
#.).#.. ##.).#....#
#...S..###§..##....#
##.N.N○°§@§☼...#...#
#.((N(.°§§#§.#.......
.((N#°(○§§.####...#.
..( ##.§§.## #.. .
#N....# ..N..(.....
......).##..#
..##...#((# #... .
.....((# ...


You could see Vashnia, 4 naga sharpshooters, a black mamba and a naga (catching
breath).

Vanquished Creatures
  Rupert (D:14)
  Gastronok (Lair:2)
  Roxanne (Snake:2)
  Aizul (Snake:2)
  2 nagarajas
  Louise (Snake:2)
  The ghost of Dittersdorf the Protected, a journeyman GrFi of Okawaru (Orc:1)
  A dire elephant (Lair:5)
  A minotaur (Gauntlet)
  A green death (Gauntlet)
  A vault guard (D:13)
  Erolcha (D:9)
  An entropy weaver (D:13)
  A hydra (Lair:4)
  4 anacondas
  2 ogre magi
  3 centaur warriors
  2 catoblepae
  A deep troll shaman (Lair:5)
  9 two-headed ogres
  Erica (Lair:1)
  2 boulder beetles
  9 death yaks
  9 naga warriors
  8 naga sharpshooters
  A tengu warrior (D:8)
  2 shock serpents
  Nergalle (D:10)
  Sonja (Orc:2)
  3 skeletal warriors
  Amaemon (Lair:1)
  A sea snake (Snake:2)
  3 skysharks
  3 naga ritualists (Snake:4)
  A lindwurm (Lair:4)
  2 orc knights (Orc:1)
  A deep elf pyromancer (D:14)
  5 manticores
  11 orc sorcerers
  10 cyclopes
  7 ugly things
  6 salamanders
  5 mana vipers
  A merfolk siren (Lair:3)
  3 elephants (Lair:5)
  7 naga magi
  4 guardian serpents
  Joseph (D:10)
  36 black mambas
  2 orange demons
  13 cane toads
  A torpor snail (Lair:1)
  2 gargoyles (D:10)
  An unseen horror (D:13)
  4 kobold demonologists (D:11)
  9 komodo dragons
  A tengu conjurer (D:14)
  2 polar bears
  10 trolls
  A merfolk (Lair:3)
  A wind drake (shapeshifter) (D:13)
  11 dream sheep
  11 blink frogs
  A shadow (D:7)
  A culicivora (shapeshifter) (D:14)
  A vampire (D:11)
  5 wraiths
  5 wyverns
  7 slime creatures
  3 basilisks
  71 yaks
  A chaos spawn (Gauntlet)
  A neqoxec (Gauntlet)
  6 vampire mosquitoes
  3 steam dragons
  A warg (Orc:2)
  30 nagas
  16 water moccasins
  5 acid dragons
  4 black bears
  22 orc warriors
  An ice beast (D:5)
  A black bear (shapeshifter) (D:14)
  10 ogres
  19 wolves
  3 boggarts (D:10)
  5 centaurs
  12 kobold brigands
  Blork the orc (D:4)
  3 phantoms
  13 bullfrogs
  3 gnoll sergeants
  2 scorpions (D:5)
  5 wights (D:8)
  19 killer bees
  8 electric eels
  14 howler monkeys
  17 orc priests
  2 gnoll boudas
  4 hounds
  2 jellies
  5 iguanas
  2 sleepcaps
  Jessica (D:2)
  Natasha (thrice) (D:2)
  37 orc wizards
  23 gnolls
  5 adders
  5 shadow imps
  3 white imps
  2 ufetubi
  3 worms
  2 dart slugs
  71 orcs
  10 ball pythons
  6 endoplasms
  4 giant cockroaches
  8 goblins
  7 hobgoblins
  7 jackals
  5 quokkas
  3 bats
  2 frilled lizards (D:1)
  36 kobolds
  4 rats
  A butterfly (D:6)
832 creatures vanquished.

Vanquished Creatures (collateral kills)
  Nikola (Snake:2)
  Jorgrun (D:15)
  An ogre mage (Orc:2)
  An orc knight (Orc:2)
  2 orc sorcerers (Orc:2)
  A cyclops (D:11)
  An elephant (Lair:5)
  A guardian serpent (Snake:2)
  A salamander (Snake:2)
  A naga mage (Snake:2)
  6 dream sheep
  3 yaks (D:11)
  5 nagas (Snake:2)
  An orc warrior (Orc:2)
  2 ogres (Orc:2)
  4 orcs (Orc:2)
32 creatures vanquished.

Vanquished Creatures (others)
  2 orc wizards (Orc:2)
2 creatures vanquished.

Grand Total: 866 creatures vanquished

Notes
Turn   | Place    | Note
-------+----------+-------------------------------------------
     0 | D:1      | experimilk the Troll Gladiator began the quest for the Orb.
     0 | D:1      | Reached XP level 1. HP: 19/19 MP: 0/0
   255 | D:1      | Reached XP level 2. HP: 15/27 MP: 1/1
   703 | D:1      | Reached skill level 4 in Unarmed Combat
   834 | D:1      | Reached XP level 3. HP: 32/33 MP: 2/2
  1017 | D:2      | Noticed Jessica
  1018 | D:2      | Killed Jessica
  1099 | D:2      | Found Dig Cat's Antique Weapon Boutique.
  1136 | D:2      | Noticed Natasha
  1144 | D:2      | Reached XP level 4. HP: 23/41 MP: 3/3
  1294 | D:2      | Found a bloodstained altar of Trog.
  1338 | D:2      | Killed Natasha
  1339 | D:2      | Reached skill level 5 in Unarmed Combat
  1354 | D:2      | Noticed Natasha
  1365 | D:2      | Killed Natasha
  1591 | D:2      | Noticed Natasha
  1599 | D:2      | Killed Natasha
  1600 | D:2      | Reached XP level 5. HP: 44/48 MP: 4/4
  1625 | D:2      | Reached skill level 6 in Unarmed Combat
  2564 | D:3      | Found a glowing silver altar of Zin.
  2820 | D:3      | Found a faded altar of an unknown god.
  2912 | D:3      | Reached XP level 6. HP: 55/55 MP: 5/5
  3632 | D:4      | Noticed Blork the orc
  3644 | D:4      | Killed Blork the orc
  3645 | D:4      | Reached skill level 7 in Unarmed Combat
  4683 | D:4      | Reached XP level 7. HP: 62/62 MP: 6/6
  4752 | D:4      | Found Yrooczy's Antique Armour Boutique.
  4843 | D:4      | Found a stormy altar of Qazlal.
  5152 | D:4      | Became a worshipper of Qazlal Stormbringer
  5205 | D:5      | Entered Level 5 of the Dungeon
  5214 | D:5      | Reached skill level 8 in Unarmed Combat
  5452 | D:5      | Found a glowing golden altar of the Shining One.
  5726 | D:5      | Noticed a wyvern
  5736 | D:5      | Killed a wyvern
  5737 | D:5      | Reached XP level 8. HP: 48/70 MP: 7/7
  5741 | D:5      | Reached skill level 9 in Unarmed Combat
  6167 | D:5      | Reached skill level 5 in Throwing
  6261 | D:5      | Reached skill level 10 in Unarmed Combat
  6611 | D:5      | Reached skill level 11 in Unarmed Combat
  6611 | D:5      | Reached XP level 9. HP: 70/76 MP: 8/8
  6613 | D:5      | Reached * piety under Qazlal
  7059 | D:6      | Found a shimmering altar of Xom.
  7218 | D:6      | Found a staircase to the Ecumenical Temple.
  7926 | D:7      | Found a snail-covered altar of Cheibriados.
  8386 | D:7      | Reached skill level 12 in Unarmed Combat
  8761 | D:7      | Identified the +6 quarterstaff of Proximity {spect, MP+9
                  | Str+3}
  8776 | D:7      | Found an opulent altar of Gozag.
  8998 | D:7      | Reached skill level 13 in Unarmed Combat
  9146 | D:7      | Reached ** piety under Qazlal
  9282 | D:7      | Found a sparkling altar of Nemelex Xobeh.
  9346 | D:7      | Found a shimmering blue altar of Sif Muna.
  9420 | D:7      | Found a shadowy altar of Dithmenos.
  9420 | D:7      | Found an iron altar of Okawaru.
  9428 | D:7      | Found a faded altar of an unknown god.
  9430 | D:7      | Found a faded altar of an unknown god.
  9432 | D:7      | Found a burning altar of Makhleb.
  9474 | D:7      | Found a white marble altar of Elyvilon.
  9764 | D:8      | Reached XP level 10. HP: 81/84 MP: 9/9
  9845 | D:8      | Found a staircase to the Lair.
 10038 | D:8      | Reached skill level 14 in Unarmed Combat
 10477 | D:8      | Noticed a cyclops
 10486 | D:8      | Found a runed translucent door.
 10499 | D:8      | Noticed a tengu warrior
 11133 | D:9      | Noticed Erolcha
 11149 | D:9      | Killed Erolcha
 11224 | D:9      | Reached skill level 15 in Unarmed Combat
 11395 | D:9      | Found a bloodstained altar of Trog.
 11441 | D:9      | Reached skill level 5 in Fighting
 11634 | D:9      | Reached XP level 11. HP: 97/102 MP: 6/10
 11982 | D:9      | Found a blossoming altar of Fedhas.
 12071 | D:9      | Found a staircase to the Orcish Mines.
 12211 | D:10     | Entered Level 10 of the Dungeon
 12238 | D:10     | Noticed a two-headed ogre
 12245 | D:10     | Killed a two-headed ogre
 12293 | D:10     | Found Tausunlo's Antique Armour Emporium.
 12302 | D:10     | Reached *** piety under Qazlal
 12464 | D:10     | Noticed Nergalle
 12472 | D:10     | Killed Nergalle
 12616 | D:10     | Noticed Joseph
 12629 | D:10     | Killed Joseph
 13236 | D:11     | Reached skill level 10 in Throwing
 13251 | D:11     | Reached skill level 1 in Invocations
 13423 | D:11     | Reached XP level 12. HP: 81/111 MP: 4/14
 13523 | D:11     | Noticed a two-headed ogre
 13528 | D:11     | Killed a two-headed ogre
 13529 | D:11     | Reached skill level 5 in Invocations
 13734 | D:12     | Noticed a boulder beetle
 13757 | D:12     | Killed a boulder beetle
 14832 | D:11     | Found a bloodstained altar of Trog.
 15342 | D:12     | Noticed a two-headed ogre
 15348 | D:12     | Killed a two-headed ogre
 15427 | D:12     | Noticed a two-headed ogre
 15433 | D:12     | Killed a two-headed ogre
 15874 | Lair:1   | Entered Level 1 of the Lair of Beasts
 15917 | Lair:1   | Reached skill level 10 in Invocations
 15948 | Lair:1   | Noticed Erica
 15955 | Lair:1   | Killed Erica
 16024 | Lair:1   | Noticed Amaemon
 16029 | Lair:1   | Reached XP level 13. HP: 96/118 MP: 19/19
 16047 | Lair:1   | Killed Amaemon
 16257 | Lair:1   | Reached skill level 16 in Unarmed Combat
 16467 | Lair:1   | You fall into a shaft and drop 1 floor!
 16650 | Lair:2   | Noticed Gastronok
 16660 | Lair:2   | Killed Gastronok
 16661 | Lair:2   | Reached skill level 17 in Unarmed Combat
 16834 | Lair:2   | Reached **** piety under Qazlal
 17688 | Lair:3   | Found a staircase to the Snake Pit.
 17799 | Lair:3   | Reached skill level 18 in Unarmed Combat
 18192 | Lair:3   | Found a shimmering blue altar of Sif Muna.
 18345 | Lair:3   | Found a staircase to the Shoals.
 18982 | Lair:4   | Reached XP level 14. HP: 127/127 MP: 20/20
 19095 | Lair:4   | Identified the +4 hand axe of Dismemberment {distort, rPois
                  | Str-5 SInv Stlth-}
 19685 | Lair:3   | Reached skill level 19 in Unarmed Combat
 20780 | Lair:5   | Entered Level 5 of the Lair of Beasts
 20780 | Lair:5   | Found a staircase to the Slime Pits.
 21712 | Lair:5   | Reached skill level 20 in Unarmed Combat
 21796 | Lair:5   | Identified an amulet "Vinoez" {Acrobat Dex+4}
 22721 | Orc:1    | Entered Level 1 of the Orcish Mines
 22807 | Orc:1    | Found a transporter.
 22807 | Orc:1    | Noticed Dittersdorf's ghost (journeyman GrFi)
 23081 | Orc:1    | Found a transporter.
 23461 | Orc:2    | Entered Level 2 of the Orcish Mines
 23461 | Orc:2    | Found a staircase to the Elven Halls.
 24032 | Orc:2    | Found a gate leading to a gauntlet.
 24041 | Gauntlet | Entered a Gauntlet
 24041 | Gauntlet | Found a transporter.
 24050 | Gauntlet | Found a transporter.
 24066 | Gauntlet | Found a transporter.
 24071 | Gauntlet | Found a transporter.
 24088 | Gauntlet | Found a transporter.
 24106 | Gauntlet | Found a transporter.
 24118 | Gauntlet | Found a transporter.
 24127 | Gauntlet | Found a transporter.
 24142 | Gauntlet | Found a transporter.
 24148 | Gauntlet | Found a transporter.
 24149 | Gauntlet | Found a transporter.
 24149 | Gauntlet | Found a transporter.
 24170 | Gauntlet | Found a transporter.
 24187 | Gauntlet | Found a transporter.
 24226 | Gauntlet | Found a transporter.
 24273 | Gauntlet | Found a transporter.
 24351 | Gauntlet | Found a transporter.
 24662 | Gauntlet | Found a transporter.
 25239 | Gauntlet | Identified the +0 leather armour of the Game of Life {rC+
                  | Regen+ Int-2}
 26116 | Orc:2    | Found Fenaq's Antique Armour Boutique.
 26167 | Orc:2    | Found Bixyc's Jewellery Shop.
 26196 | Orc:2    | Found an ancient bone altar of Kikubaaqudgha.
 26212 | Orc:2    | Reached XP level 15. HP: 92/132 MP: 9/21
 26289 | Orc:2    | Paralysed by something for 4 turns
 26295 | Orc:2    | Paralysed by something for 5 turns
 26330 | Orc:2    | Found a radiant altar of Vehumet.
 26356 | Orc:2    | Found Owaotioxua's Distillery.
 26368 | Orc:2    | Found Fabykom's Distillery.
 26639 | Orc:2    | Bought a potion of heal wounds for 80 gold pieces
 26639 | Orc:2    | Bought a potion of berserk rage for 80 gold pieces
 26639 | Orc:2    | Bought a potion of curing for 48 gold pieces
 26653 | Orc:2    | Bought a potion of heal wounds for 70 gold pieces
 26653 | Orc:2    | Bought a potion of might for 56 gold pieces
 26653 | Orc:2    | Bought 2 potions of heal wounds for 140 gold pieces
 26821 | Orc:2    | Noticed Sonja
 26836 | Orc:2    | Killed Sonja
 27089 | Orc:2    | Bought an amulet "Zedarox" {Acrobat +Inv Dex+2} for 819
                  | gold pieces
 27118 | Orc:2    | Bought a distressingly furry robe for 193 gold pieces
 27118 | Orc:2    | Identified the +0 robe of Fun and Games {+Blink Fly rC+
                  | Int+3} (You bought it in a shop on level 2 of the Orcish
                  | Mines)
 27291 | Orc:1    | Killed Dittersdorf's ghost
 27625 | D:9      | Upgraded the game from 0.31-a0-455-g1a7b003ef0 to
                  | 0.31-a0-460-g9e667d4245
 27871 | Orc:2    | Bought a ring of poison resistance for 340 gold pieces
 28787 | D:13     | Reached skill level 1 in Evocations
 28950 | D:13     | You fall into a shaft and drop 2 floors!
 28950 | D:15     | Entered Level 15 of the Dungeon
 29076 | D:14     | Noticed Rupert
 29108 | D:14     | Killed Rupert
 29149 | D:14     | Found Fauck's Armour Shoppe.
 29527 | D:13     | Found a gate to the Vaults.
 30830 | D:15     | Noticed Jorgrun
 30845 | D:15     | Killed Jorgrun
 31100 | D:14     | Upgraded the game from 0.31-a0-460-g9e667d4245 to
                  | 0.31-a0-466-g98c9adc2b6
 31713 | D:8      | Identified the +7 orcbow of Subjectivity {freeze, +Blink
                  | rPois rF+}
 31721 | D:8      | Identified the ring of Zeadgh {Will- rCorr AC+4 Dex+7}
 32243 | Snake:1  | Entered Level 1 of the Snake Pit
 33165 | Snake:1  | Reached skill level 5 in Evocations
 33475 | Snake:1  | Found Wauq's Book Emporium.
 33475 | Snake:1  | Found Tefes's Jewellery Boutique.
 33476 | Snake:1  | Found Wyti's Jewellery Boutique.
 33567 | Snake:2  | Reached XP level 16. HP: 123/152 MP: 22/22
 33611 | Snake:2  | Identified the +7 rapier "Oramikh" {pain, Fly rElec rPois
                  | rF-}
 34008 | Snake:2  | Found Sofupen's Antique Weapon Shop.
 34011 | Snake:2  | Found Wecsod's Antique Weapon Boutique.
 34011 | Snake:2  | Found Nimetuts's Antique Armour Shop.
 34045 | Snake:2  | Found Vidgh's Book Boutique.
 34102 | Snake:2  | Noticed Nikola
 34112 | Snake:2  | Killed Nikola
 34212 | Snake:2  | Noticed Roxanne
 34581 | Snake:2  | Killed Roxanne
 34646 | Snake:2  | Noticed Aizul
 34658 | Snake:2  | Killed Aizul
 34819 | Snake:2  | Noticed Louise
 34839 | Snake:2  | Killed Louise
 35010 | Snake:3  | Found Tefes's Antique Weapon Shop.
 35153 | Snake:3  | Reached skill level 1 in Armour
 35452 | Snake:4  | Entered Level 4 of the Snake Pit
 35477 | Snake:4  | Reached skill level 15 in Throwing
 35865 | Snake:4  | Noticed Vashnia
 35877 | Snake:4  | HP: 5/156 [naga sharpshooter/bolt[Vashnia] (18)]
 35878 | Snake:4  | Shot with a bolt by a naga sharpshooter

Illustrated notes

Levels and vault maps discovered:
D:1:      ebering_trefoil_twist, layout_rooms, serial_corexii_hall,
          corexii_hall_statues_l, corexii_hall_statues_x,
          corexii_hall_statues_x, chequers_serial_rivers_micro_a
D:2:      layout_loops_cross, serial_shops, nicolae_square_shop, basic_altar,
          uniq_jessica, uniq_natasha
D:3:      layout_basic, mainiacjoe_overflow_concentric_impassable,
          shapermc_ecumenical_altar_acropolis
D:4:      layout_loops_cross, marbit_many_paths, solitary_fountain,
          nicolae_take_the_stairs, minmay_mini_jars, uniq_blork_the_orc
D:5:      minmay_thinvault, layout_cave_pods, tso_metal_star,
          grunt_decor_junction
D:6:      layout_cave_pods, mainiacjoe_overflow_alcove_1,
          minmay_temple_entry_butterflies, hangedman_abyss_or_decor_lesser_grid
D:7:      layout_basic, nicolae_gozag_seed_capital, tgw_sif, kennysheep_mini,
          cheibriados_altar_2, chequers_temple_overflow_minitemple,
          nemelex_dance_club_becter, sword_in_stone
D:8:      minmay_the_grid_triangle_9x9_rhombus_full
          [minmay_the_grid_triangle_9x9_subtriangle,
          minmay_the_grid_triangle_9x9_dagger,
          minmay_the_grid_triangle_9x9_cache,
          minmay_the_grid_triangle_9x9_warning,
          minmay_the_grid_triangle_9x9_pentomino_pain,
          minmay_the_grid_triangle_9x9_from_above,
          minmay_the_grid_triangle_9x9_longest,
          minmay_the_grid_triangle_9x9_prize_insulated], layout_basic,
          lair_entry_dummy, grunt_decor_resistance, serial_park_tiny_1
D:9:      layout_cross, mainiacjoe_overflow_boulevard, kennysheep_little_box,
          hangedman_decor_riveting, minmay_fractal_squares_5, uniq_erolcha
D:10:     layout_irregular_city, serial_shops, shop_fountains, uniq_nergalle,
          uniq_joseph
D:11:     layout_irregular_city, minmay_ruined_shrine
D:12:     layout_roguey, serial_rivers, chequers_serial_rivers_micro_d,
          chequers_serial_rivers_small_a, chequers_serial_rivers_micro_c,
          chequers_serial_rivers_small_a, dreamdust_mushroom_princess
D:13:     layout_basic, hellmonk_vaults_order_and_chaos
D:14:     layout_rooms, serial_glass, glass_columns_a, glass_columns_a,
          serial_shops, nicolae_shop_behind_doors, uniq_rupert
D:15:     hangedman_depths_entry_try_elsewhere_first, layout_irregular_city,
          minmay_misc_feat_rugged, pdpol_wu_jian_five_deadly_venoms,
          uniq_jorgrun
Lair:1:   layout_loops_ring, uniq_amaemon, uniq_erica
Lair:2:   layout_long_grid, infiniplex_staircase_pool, uniq_gastronok
Lair:3:   layout_cellular_growth, elwin_shoals_entry_rooms,
          guppyfry_snake_entry_island, basic_altar, serial_bayou_shore_b
Lair:4:   layout_cave_pods, grunt_forest_large_clearings, grunt_megastairs_4
Lair:5:   grunt_lair_end_beastmaster, layout_layer_cave, slime_entry_1
Snake:1:  layout_basic, serial_bayou_shore_a, minmay_shop_grove
Snake:2:  layout_cave_shapes, serial_bayou_ford_a, minmay_shoptagon,
          uniq_roxanne, uniq_aizul, uniq_louise, uniq_nikola
Snake:3:  layout_misc_corridors, serial_shops, shop
Snake:4:  hellmonk_snake_rune_quicksilver_temple, layout_misc_corridors,
          uniq_vashnia
Orc:1:    layout_caves, gammafunk_ghost_arena
Orc:2:    kennysheep_orc_mage_school, layout_caves, gauntlet_entry_generic,
          nicolae_orc_rockfall, guppyfry_library_mini, uniq_sonja

Skill      XL: |  1  2  3  4  5  6  7  8  9 10 11 12 13 14 15 16 |
---------------+-------------------------------------------------+-----
Unarmed Combat | 4 5 6 7 8 11 13 15 18 20 | 20.0
Throwing       | 2 3 4 5 10 11 13 15 | 15.0
Fighting       | 5 6 8 9 |  9.6
Invocations    | 4 10 | 10.0
Evocations     | 5 |  5.0
Armour         | 4 |  4.5
Dodging        | |  2.4

Action                     |  1- 3 |  4- 6 |  7- 9 | 10-12 | 13-15 | 16-18 || total
---------------------------+-------+-------+-------+-------+-------+-------++-------
  Melee: Unarmed           |    72 |   117 |   196 |   423 |   658 |   102 ||  1568
         Punch             |       |     6 |     6 |    34 |    90 |    10 ||   146
  Throw: Dart              |    12 |    77 |   192 |   211 |    53 |     2 ||   547
         Large rock        |     1 |       |     6 |    29 |   282 |   151 ||   469
         Boomerang         |       |       |       |       |    69 |    11 ||    80
         Throwing net      |       |       |       |       |     4 |       ||     4
         Javelin           |       |       |       |       |     6 |    17 ||    23
 Invoke: Upheaval          |       |       |       |    17 |    16 |       ||    33
         Elemental Force   |       |       |       |     1 |     8 |     5 ||    14
  Evoke: Phantom mirror    |       |       |       |       |     1 |     2 ||     3
         Tin of tremorston |       |       |       |       |       |     2 ||     2
         Phial of floods   |       |       |       |       |       |     1 ||     1
    Use: Scroll            |     1 |     3 |     4 |     8 |    15 |     4 ||    35
         Potion            |       |       |       |     1 |     6 |     2 ||     9
   Stab: Sleeping          |       |       |     1 |       |       |       ||     1
         Invisible         |       |       |       |     1 |       |       ||     1
         Held in net/web   |       |       |       |       |     2 |       ||     2
         Paralysed         |       |       |       |       |       |     2 ||     2
 Armour: Robe              |    17 |    30 |    34 |     5 |       |       ||    86
         Acid dragon scale |       |       |       |    90 |       |       ||    90
         Troll leather arm |       |       |       |     6 |    84 |    11 ||   101
  Dodge: Dodged            |    31 |    52 |    97 |   249 |   236 |    65 ||   730
         Repelled          |       |       |       |       |    11 |    14 ||    25
  Block: Other             |       |       |     8 |    48 |    93 |    21 ||   170

Table legend: (Time is in decaauts)
 A = Elapsed time spent in this place.
 B = Non-inter-level travel time spent in this place.
 C = Inter-level travel time spent in this place.
 D = Time resting spent in this place.
 E = Time spent auto-exploring this place.
 F = Levels seen in this place.
 G = Mean time per level.
                   A        B        C        D        E       F      G
               +--------+--------+--------+--------+--------+-----+--------+
         Total |  35571 |  32533 |   3038 |  10372 |  14632 |  27 | 1317.4 |
       Dungeon |  19378 |  18189 |   1189 |   5841 |   8923 |  15 | 1291.9 |
          Lair |   7044 |   6463 |    581 |   1674 |   3355 |   5 | 1408.8 |
     Snake Pit |   3642 |   3564 |     78 |   1387 |    962 |   4 |  910.5 |
  Orcish Mines |   4312 |   3124 |   1188 |   1151 |   1176 |   2 | 2156.0 |
      Gauntlet |   1194 |   1194 |      0 |    318 |    216 |   1 | 1194.0 |
               +--------+--------+--------+--------+--------+-----+--------+

Top non-repeatable levels by time:
   Orc:2: 2399 daAuts
     D:8: 2231 daAuts
   Orc:1: 1912 daAuts
     D:3: 1776 daAuts
     D:5: 1706 daAuts
  Lair:3: 1699 daAuts
  Lair:5: 1668 daAuts
 Snake:1: 1586 daAuts
  Lair:2: 1542 daAuts
    D:10: 1469 daAuts
    D:11: 1454 daAuts
  Lair:4: 1434 daAuts
     D:4: 1387 daAuts
     D:6: 1356 daAuts
     D:9: 1332 daAuts
